 Dungeon Crawl Stone Soup version 0.29.0-3-gbb0933ed62 (webtiles) character file.

Game seed: 14328461211981731614

20 Iusername the Shield-Bearer (level 2, 0/27 HPs)
             Began as a Minotaur Fighter on Aug 25, 2022.
             Slain by Terence
             ... wielding a +2 trident of freezing
              (6 damage)
             ... on level 2 of the Dungeon.
             The game lasted 00:01:10 (758 turns).

Iusername the Shield-Bearer (Minotaur Fighter)       Turns: 758, Time: 00:01:11

Health: 0/27       AC:  7    Str: 20    XL:     2   Next: 58%
Magic:  1/1        EV:  9    Int:  5    God:
Gold:   70         SH:  4    Dex:  9    Spells: 1/1 levels left

rFire   . . .      SeeInvis .   a - +0 trident
rCold   . . .      Faith    .   c - +0 buckler
rNeg    . . .      Spirit   .   b - +0 scale mail
rPois   .          Reflect  .   (helmet restricted)
rElec   .          Harm     .   (no cloak)
rCorr   .          Rampage  .   (no gloves)
Will    .....                   (no boots)
Stlth   ..........              (no amulet)
HPRegen 0.09/turn               (no ring)
MPRegen 0.07/turn               (no ring)

@: no status effects
A: horns 2, retaliatory headbutt
a: no special abilities


You were on level 2 of the Dungeon.
You visited 1 branch of the dungeon, and saw 2 of its levels.

You collected 70 gold pieces.

Inventory:

Hand Weapons
 a - a +0 trident (weapon)
Armour
 b - a +0 scale mail (worn)
 c - a +0 buckler (worn)
Scrolls
 e - a scroll of poison {unknown}
 g - a scroll of summoning {unknown}
 h - a scroll of noise {unknown}
Potions
 d - a potion of might
 f - a potion of curing


   Skills:
 + Level 3.9 Fighting
 + Level 2.7 Polearms
 + Level 3.9 Armour
 + Level 4.1 Shields


You had one spell level left.
You didn't know any spells.
Your spell library was empty.

Dungeon Overview and Level Annotations

Branches:
Dungeon (2/15)

Altars:

Shops:
D:2 :

Annotations:
D:2 Terence


Innate Abilities, Weirdness & Mutations

You have a pair of horns on your head.
You reflexively headbutt those who attack you in melee.


Message History

Terence is moderately wounded.
Terence hits you from afar with a +2 trident of freezing.
Terence freezes you.
You reach to attack!
You barely miss Terence.
Terence is moderately wounded.
Terence barely misses you. Terence hits you but does no damage.
You reach to attack!
You barely miss Terence.
Terence is moderately wounded.
Terence hits you from afar with a +2 trident of freezing!
Terence freezes you.
You reach to attack!
You closely miss Terence.
Terence is moderately wounded.
Terence hits you from afar with a +2 trident of freezing.
Terence freezes you.
You are too injured to fight recklessly!
You are too injured to fight recklessly!
You are too injured to fight recklessly!
You are too injured to fight recklessly!
You are too injured to fight recklessly!
You are too injured to fight recklessly!
You are too injured to fight recklessly!
You are too injured to fight recklessly!
You are too injured to fight recklessly!
You are too injured to fight recklessly!
You are too injured to fight recklessly!
You are too injured to fight recklessly!
You are too injured to fight recklessly!
Terence hits you with a +2 trident of freezing.
* * * LOW HITPOINT WARNING * * *
Terence freezes you.
* * * LOW HITPOINT WARNING * * *
You hit Terence but do no damage.
Terence is moderately wounded.
Terence barely misses you. You furiously retaliate!
You headbutt Terence, but do no damage. You puncture Terence!
Terence is severely wounded.
Terence drinks a potion.
Terence is healed!
Terence hits you with a +2 trident of freezing.
You die...

.. #.. ##### #..
....### #.#
#.....# #.#
#.....# #.#
#.....#
#########.######.
#.....#
......@@.........
##.†.##
#.########.#######
##...# #.#
#.............
.....# #.#
#.............
#....## #.#
#.............
#.....# #.#
#.........?...
###+#.###.#
#.............
#...#.#
#.############
###...###.#


You could see Terence.

Vanquished Creatures
  2 dart slugs (D:1)
  3 bats (D:1)
  2 endoplasms (D:1)
  A giant cockroach (D:2)
  2 goblins (D:1)
  A ball python (D:1)
  2 frilled lizards
  2 kobolds (D:1)
  2 rats (D:1)
17 creatures vanquished.

Notes
Turn   | Place    | Note
-------+----------+-------------------------------------------
     0 | D:1      | Iusername the Minotaur Fighter began the quest for the Orb.
     0 | D:1      | Reached XP level 1. HP: 19/19 MP: 0/0
    56 | D:1      | You fall into a shaft and drop 1 floor!
    59 | D:2      | Found Fioran's Book Emporium.
   411 | D:1      | Reached XP level 2. HP: 27/27 MP: 1/1
   479 | D:1      | Reached skill level 4 in Shields
   750 | D:2      | Noticed Terence
   758 | D:2      | Slain by Terence

Illustrated notes

Levels and vault maps discovered:
D:1:      dpeg_arrival_rooms_b, layout_basic
D:2:      layout_basic, ebering_ecumenical_altar_petrified, serial_shops,
          shop_statue, uniq_terence

Skill      XL: |  1  2 |
---------------+-------+-----
Shields        | 4 |  4.1
Fighting       | |  3.9
Polearms       | |  2.7
Armour         | |  3.9

Action                   || total
-------------------------++-------
Melee: Trident           ||    50
       Headbutt          ||     3
Armor: Scale mail        ||    21
Dodge: Dodged            ||    10
Block: Buckler           ||     4
